AoeStats
← AiM | CyclopsTron

Oasis

507629984Analyzed
4v4 RM · 12d ago on Sep 19, 2026· 18m 11s· 8 players
Game mode
Random Map
Map size
Large (8 player)
Population
200
Speed
Normal
Resources
Standard
Victory
Conquest
Starting age
Dark Age
Ending age
Imperial Age
RankedLock teamsTeams togetherTeam positionsShared explorationLock speedFull tech treeHidden civsTurbo modeCheats
Victory
Defeat
🇺🇸 Maya · United States
1903
+5
🇯🇵 Hindustanis · Japan
1779
+8
🇵🇪 Koreans · Peru
1687
+11
🇺🇸 Poles · United States
1682
+11
🇲🇽 Maya · Mexico
1671
-12
🇵🇪 Georgians · Peru
1662
-11
🇦🇷 Wei · Argentina
1500
-6
🇦🇷 Japanese · Argentina
1499
-6
Bubbagump
0:26 Loom
0:31 Loom
0:37 Loom
9:02 Feudal Age
11:46 Fletching
noru
1:58 Loom
10:19 Feudal Age
11:17 Town Watch
15:20 Fletching
嗚
9:09 Feudal Age
9:22 Loom
10:22 Double-Bit Axe
10:47 Horse Collar
14:31 Wheelbarrow
16:49 Bloodlines
18:26 Scale Barding Armor
Kiyomizu-dera
6:27 Loom
8:47 Feudal Age
9:21 Double-Bit Axe
9:39 Horse Collar
15:19 Scale Barding Armor
20:23 Castle Age
AiM | CyclopsTron
0:25 Loom
10:34 Feudal Age
12:45 Fletching
TQLeo
6:15 Loom
8:45 Feudal Age
9:46 Double-Bit Axe
13:27 Horse Collar
14:42 Scale Barding Armor
18:34 Wheelbarrow
18:33 Forging
GABO
8:33 Feudal Age
9:20 Man-at-Arms
12:22 Loom
16:19 Fletching
GB | Renzo
7:56 Feudal Age
7:51 Loom
8:46 Double-Bit Axe
9:33 Horse Collar
16:24 Scale Barding Armor
16:29 Forging
18:15 Forging
Connection lost

Rejoining the realm…

Still unreachable

The connection could not be restored.

Session expired

The server has moved on; the page needs a fresh start.